 Dungeon Crawl Stone Soup version 0.13.1-17-g0f9d4ff (webtiles) character file.

115153 slix the Slingshot (level 16, -12/129 HPs)
             Began as a Deep Dwarf Artificer on Nov 12, 2013.
             Was a High Priest of Okawaru.
             Killed from afar by a wizard (31 damage)
             ... with a bolt of lightning
             ... on Level 15 of the Dungeon on Dec 13, 2013.
             The game lasted 07:39:12 (28537 turns).

slix the Slingshot (Deep Dwarf Artificer)          Turns: 28537, Time: 07:39:12

HP -12/129       AC 18     Str 25      XL: 16   Next: 13%
MP   2/2         EV 15     Int 13      God: Okawaru [*****.]
Gold 1806        SH 24     Dex 18      Spells:  4 memorised,  9 levels left

Res.Fire  : . . .   See Invis. : +   z - +2 orc war axe (freeze)
Res.Cold  : + . .   Warding    : +   p - +1 dwarf ring mail
Life Prot.: + + +   Conserve   : .   A - +1 shield
Res.Poison: +       Res.Corr.  : .   K - +2 dwarf helmet {Int+3}
Res.Elec. : .       Clarity    : .   n - +2 cloak of Weightlessness {rPois rC+ Dex+2}
Sust.Abil.: . .     Spirit.Shd : .   E - +0 pair of gloves {Dex+3}
Res.Mut.  : .       Stasis     : .   (no boots)
Res.Rott. : .       Flight     : .   T - amulet of warding
Saprovore : . . .                    Y - ring of poison resistance
                                     j - ring "Xaoxtan" {rN+ Acc+4 SInv}

@: short of breath, non-regenerating, slow, very resistant to hostile
enchantments, fairly stealthy
A: damage resistance, recharge devices, talons 1, breathe flames 1, life
protection 1, sense surroundings 2, slowness 1, slow healing 3, Str +2, Int -2
a: Device Recharging, Heroism, Finesse, Renounce Religion, Breathe Fire


You were on level 15 of the Dungeon.
You worshipped Okawaru.
Okawaru was extremely pleased with you.
You were not hungry.

You visited 5 branches of the dungeon, and saw 29 of its levels.
You also visited: Ice Cave and Volcano.

You collected 2967 gold pieces.
You spent 1181 gold pieces at shops.

Inventory:

Hand weapons
 w - a +4,+4 sling of flame
 z - a +2,+2 orcish war axe of freezing (weapon)
 F - a +3,+4 sling of evasion
 H - the +8,+3 sling "Xuskoati" {venom, rN+ Stlth+}
   (Okawaru gifted it to you on level 14 of the Dungeon)

   It poisons the ammo it fires.
   It protects you from negative energy.
   It makes you much more stealthy.
Missiles
 f - 11 silver bolts
 m - 5 darts of flame (quivered)
 q - 13 poisoned sling bullets
 r - 21 sling bullets of flame
 s - 7 steel sling bullets
 u - 15 silver sling bullets
 x - 58 stones
 y - 63 sling bullets of frost
 D - 6 exploding sling bullets
 I - 13 sling bullets
Armour
 n - the +2 cloak of Weightlessness (worn) {rPois rC+ Dex+2}
   (Okawaru gifted it to you on level 11 of the Dungeon)

   It affects your dexterity (+2).
   It protects you from cold.
   It protects you from poison.
 p - a +1 dwarven ring mail (worn)
 A - a +1 shield (worn)
 E - a +0 pair of gloves of dexterity (worn)
 K - a +2 dwarven helmet of intelligence (worn)
Magical devices
 a - a wand of heal wounds (3)
 b - a wand of teleportation (2)
 c - a wand of enslavement (13)
 d - a wand of frost (14)
 e - a wand of paralysis (8)
 N - a wand of hasting (1)
 R - a wand of enslavement (11)
Comestibles
 g - 13 bread rations
 C - 3 meat rations
 O - a beef jerky
Scrolls
 i - a scroll of blinking
 k - 4 scrolls of teleportation
 o - 4 scrolls of enchant armour
 t - 5 scrolls of remove curse
 v - 5 scrolls of identify
 S - 2 scrolls of magic mapping
 Z - 2 scrolls of fear
Jewellery
 h - an uncursed amulet of conservation
 j - the ring "Xaoxtan" (left hand) {rN+ Acc+4 SInv}
   (You acquired it on level 10 of the Dungeon)

   [ring of see invisible]

   It affects your accuracy (+4).
   It protects you from negative energy.
 G - an uncursed ring of protection from fire
 J - a +3 ring of strength
 Q - an uncursed ring of protection from magic
 T - an amulet of warding (around neck)
 Y - a ring of poison resistance (right hand)
Potions
 l - a potion of cure mutation
 B - a potion of berserk rage
 L - a potion of magic
 P - 2 potions of speed
 U - 2 potions of agility


   Skills:
 + Level 4.6 Fighting
   Level 1.3 Short Blades
 + Level 7.5 Axes
   Level 1.6 Maces & Flails
 + Level 22.4 Slings
   Level 1.5 Crossbows
 + Level 0.3 Throwing
 + Level 11.3 Armour
 + Level 8.8 Dodging
 + Level 3.9 Stealth
 + Level 6.2 Shields
 + Level 0.5 Spellcasting
 + Level 1.0 Charms
 + Level 0.1 Air Magic
 + Level 6.9 Invocations
 + Level 8.5 Evocations


You had 9 spell levels left.
You knew the following spells:

 Your Spells              Type           Power        Failure   Level  Hunger
a - Summon Small Mammal   Summ           #...         91%         1    ##.....
b - Blink                 Tloc           N/A          98%         2    ###....
c - Repel Missiles        Chrm/Air       #.........   96%         2    ###....
d - Call Imp              Summ           #.........   98%         2    ###....


Dungeon Overview and Level Annotations

Branches:
Dungeon (15/27)            Temple (0/1) D:7             Orc (4/4) D:7
    Elf (3/3) Orc:3          Lair (6/8) D:10          Snake (0/5) Lair:6
  Slime (1/6) Lair:6
  Swamp: Lair:3-6    Shoals: Lair:3-6    Spider: Lair:3-6    Vaults: D:15-20

Altars:
Cheibriados
Makhleb
Okawaru
Vehumet

Shops:
D:8 ?   D:10 /   D:11 %   Orc:4 ([+*   Elf:3 +

Annotations:
D:13 1 exclusion
D:15 exclusion: Roxanne, Roxanne


Innate Abilities, Weirdness & Mutations

You are resistant to damage.
You can recharge devices by infusing magical energy.
You resist negative energy.
You passively map the area around you.
You do not heal naturally.
You have sharp toenails.
You can breathe flames.
You are dopey. (Int -2)
You cover ground slowly.
Your muscles are strong. (Str +2)


Message History

The wizard shouts!
The wizard points at you and mumbles some strange words.
The bolt of lightning misses you.
Throwing (i - inventory. (,) - cycle):
m - 6 darts of flame (quivered)
Press: ? - help, Shift-Dir - straight line, f - wizard
Aim: a wizard, wielding a runed dagger and wearing a robe You throw a dart of flame.
The dart of flame hits the wizard.
The wizard is lightly wounded.
The wizard points at you and mumbles some strange words.
The bolt of lightning hits you!
* * * LOW HITPOINT WARNING * * *
Use which ability? (? or * to list)
Press: ? - help, Shift-Dir - straight line, f/p - wizard
Aim: a wizard, wielding a runed dagger and wearing a robe (lightly wounded)
You breathe a blast of fire!
The fiery breath hits the wizard.
The wizard is moderately wounded.
You feel somewhat more hungry. The wizard casts a spell at you.
The bolt of lightning hits you!
You die...

######## ## #####
####.'#'..###.##...#
*
#....#'###'#.#.#).[#
#.##...'#.###)#))..#
#......#.#)###@#####
#..#...##.#'..#'#
#..#...###'###'#.#,
##......##.#)#'###@#
##.......#.#.#'#+
*#+
#...##...'#.###)## *
...##....###'#.#.#,
##.......'..###.#+*
* ##...#..#########


You could see a wizard.

Vanquished Creatures
  2 deep elf master archers (Elf:3)
  3 deep elf blademasters (Elf:3)
  Rupert (Lair:4)
  Agnes (Elf:2)
  Donald (Orc:4)
  7 deep elf sorcerers
  Gastronok (Orc:1)
  2 deep elf demonologists (Elf:3)
  3 stone giants
  6 deep elf annihilators (Elf:3)
  3 ettins (Orc:4)
  3 deep elf death magi (Elf:3)
  2 deep elf high priests (Elf:3)
  A hydra (D:13)
  Erica (D:11)
  2 spectral elves (Elf:3)
  A rakshasa (D:13)
  4 centaur warriors
  A soul eater (Elf:3)
  Nergalle (D:13)
  11 deep elf knights
  3 skeletal warriors
  2 unseen horrors (D:15)
  9 wizards (D:15)
  4 hill giants
  Joseph (D:11)
  A giant amoeba (D:15)
  8 deep elf conjurers
  3 griffons
  A sixfirhy (Elf:3)
  11 cyclopes
  An eye of devastation (Lair:6)
  3 black mambas
  Psyche (D:12)
  14 deep elf summoners
  4 spiny frogs
  A tormentor (Elf:3)
  A red devil (Elf:3)
  A demonic crawler (Elf:2)
  A fire drake (shapeshifter) (Elf:1)
  A yaktaur (D:15)
  2 hellwings (Elf:3)
  An efreet (D:15)
  An iron devil (Elf:3)
  2 jumping spiders (Elf:2)
  A spriggan (D:14)
  10 deep elf priests
  A polar bear (D:10)
  7 trolls
  2 fire drakes
  2 komodo dragons
  2 two-headed ogres
  4 slime creatures (D:13)
  A trapdoor spider (D:15)
  3 basilisks
  A wraith (D:13)
  3 redbacks (Elf:2)
  4 sharks (D:10)
  2 flying skulls (Volcano)
  A tarantella (Elf:2)
  2 vampires (Volcano)
  29 yaks
  3 shadows
  5 hill giant zombies
  A chaos spawn (Elf:3)
  9 hippogriffs
  26 deep elf magi
  Grum (Orc:1)
  A neqoxec (Elf:3)
  3 wyverns
  2 hungry ghosts
  A mottled dragon (D:13)
  A manticore (D:11)
  25 deep elf fighters
  10 ugly things
  11 wolves
  A hydra simulacrum (D:10)
  2 vampire mosquitoes (D:14)
  A hill giant skeleton (D:10)
  Edmund (D:4)
  Menkaure (D:4)
  3 porcupines (Lair:2)
  6 phantoms
  A necrophage (D:9)
  22 ice beasts
  2 giant goldfish (D:10)
  12 orc warriors
  2 nagas (Lair:6)
  9 ogres
  2 sky beasts
  2 boring beetles (Lair:5)
  17 centaurs
  Sigmund (D:2)
  A lost soul (Elf:3)
  Duvessa (Orc:1)
  3 big kobolds
  3 giant slugs
  11 giant frogs
  A warg (Orc:1)
  6 crocodiles
  8 water moccasins
  A manticore zombie (D:13)
  An agate snail (Lair:6)
  A manticore skeleton (D:8)
  A wyvern zombie (D:12)
  2 eyes of draining
  A troll zombie (D:14)
  5 wights (D:14)
  5 electric eels
  A yak skeleton (D:10)
  2 big fish
  3 jellyfish
  The ghost of MirrMurr the Scratcher, a weakling FeTm (D:3)
  10 crimson imps
  A giant frog skeleton (D:10)
  Dowan (Orc:1)
  4 goliath beetles
  A quasit (D:11)
  A centaur zombie (D:6)
  A yellow wasp zombie (D:13)
  16 orc priests
  13 orc wizards
  4 gnoll shamans (D:4)
  17 hounds
  2 jellies
  3 iguanas
  8 orange rats
  A spectral orc (D:13)
  4 scorpions
  A hippogriff simulacrum (D:10)
  5 worker ants
  A yak simulacrum (D:15)
  An ogre zombie (D:8)
  5 sheep (Lair:3)
  A brain worm zombie (D:13)
  Ijyb (D:6)
  A mottled dragon skeleton (D:14)
  A mummy (Volcano)
  A worker ant zombie (D:5)
  4 giant centipedes
  16 green rats
  33 gnolls
  4 white imps (D:10)
  17 adders
  A giant mite (Lair:6)
  A lemure (Elf:3)
  5 worms
  10 ufetubi
  An adder skeleton (D:7)
  2 giant eyeballs (D:8)
  2 oozes (D:5)
  130 orcs
  A bat skeleton (D:8)
  7 giant cockroaches
  22 hobgoblins
  39 jackals
  3 ball pythons
  23 bats
  5 giant geckos
  6 giant newts
  A giant spore (D:13)
  27 goblins
  2 hobgoblin skeletons
  An illusory rakshasa (D:14)
  34 kobolds
  A kobold zombie (D:6)
  An orc skeleton (D:5)
  14 quokkas
  22 rats
  7 ballistomycetes
  2 crawling corpses (Elf:3)
  3 fungi
  10 plants
1013 creatures vanquished.

Vanquished Creatures (others)
  2 orange rats (Elf:3)
  2 giant spores
  3 fungi
  A plant (D:14)
8 creatures vanquished.

Grand Total: 1021 creatures vanquished

Notes
Turn   | Place    | Note
--------------------------------------------------------------
     0 | D:1      | slix, the Deep Dwarf Artificer, began the quest for the Orb.
     0 | D:1      | Reached XP level 1. HP: 19/19 MP: 1/1
    59 | D:1      | Reached skill level 1 in Fighting
   173 | D:1      | Reached XP level 2. HP: 24/26 MP: 3/3
   729 | D:2      | Reached XP level 3. HP: 19/32 MP: 5/5
   795 | D:2      | Reached skill level 1 in Armour
   937 | D:2      | Reached skill level 1 in Maces & Flails
  1035 | D:2      | Reached skill level 1 in Short Blades
  1120 | D:2      | Noticed Sigmund
  1171 | D:3      | Noticed MirrMurr's ghost (weakling FeTm)
  1173 | D:3      | Killed MirrMurr's ghost
  1173 | D:3      | Reached XP level 4. HP: 19/39 MP: 7/7
  1941 | D:4      | Reached XP level 5. HP: 17/45 MP: 9/9
  2078 | D:4      | Found a snail-covered altar of Cheibriados.
  2078 | D:4      | Found an iron altar of Okawaru.
  2080 | D:4      | Found a radiant altar of Vehumet.
  2101 | D:4      | Noticed Edmund
  2125 | D:4      | Killed Edmund
  2152 | D:4      | Became a worshipper of Warmaster Okawaru
  2165 | D:4      | Reached XP level 6. HP: 33/54 MP: 10/10
  2183 | D:4      | Noticed Menkaure
  2189 | D:4      | Killed Menkaure
  2189 | D:4      | Reached skill level 5 in Evocations
  2231 | D:4      | Reached skill level 1 in Axes
  2629 | D:4      | Reached XP level 7. HP: 34/60 MP: 13/13
  2752 | D:4      | Learned a level 1 spell: Summon Small Mammal
  2982 | D:4      | Noticed an ogre
  2992 | D:4      | Killed an ogre
  2992 | D:4      | Acquired Okawaru's first power
  2992 | D:4      | Reached skill level 1 in Crossbows
  3178 | D:5      | Entered Level 5 of the Dungeon
  3712 | D:5      | Reached skill level 5 in Armour
  3757 | D:5      | Reached XP level 8. HP: 37/68 MP: 13/13
  3846 | D:5      | Reached skill level 5 in Slings
  4358 | D:4      | Reached skill level 6 in Slings
  4823 | D:2      | Killed Sigmund
  5618 | D:6      | Reached skill level 7 in Slings
  5704 | D:6      | Noticed Ijyb
  5709 | D:6      | Killed Ijyb
  6119 | D:7      | Found a staircase to the Ecumenical Temple.
  6125 | D:7      | Gained mutation: You passively map the area around you. [level up]
  6125 | D:7      | Reached XP level 9. HP: 35/74 MP: 15/15
  6235 | D:7      | Found a staircase to the Orcish Mines.
  6300 | D:7      | Reached skill level 5 in Dodging
  6395 | D:7      | Reached skill level 8 in Slings
  6457 | D:7      | Reached skill level 5 in Axes
  7087 | D:8      | Received a gift from Okawaru
  7090 | D:8      | Reached skill level 9 in Slings
  7251 | D:8      | Noticed a centaur warrior
  7274 | D:8      | Found Sagguc's Magic Scroll Shoppe.
  7278 | D:8      | Bought a scroll of blinking for 77 gold pieces
  7747 | D:9      | Received a gift from Okawaru
  7894 | D:10     | Entered Level 10 of the Dungeon
  7901 | D:10     | Reached skill level 10 in Slings
  8043 | D:10     | Reached XP level 10. HP: 59/84 MP: 15/15
  8080 | D:10     | Received a gift from Okawaru
  8108 | D:10     | Found a staircase to the Lair.
  8184 | D:10     | Reached skill level 11 in Slings
  8480 | D:10     | Reached skill level 12 in Slings
  8690 | D:10     | Acquired Okawaru's second power
  9005 | D:10     | Reached XP level 11. HP: 56/90 MP: 16/16
  9020 | D:10     | Found Tuyqeog's Magical Wand Boutique.
  9023 | D:10     | Noticed a cyclops
  9031 | D:10     | Killed a cyclops
  9469 | D:10     | Identified a scroll of acquirement
  9472 | D:10     | Got a transparent granite ring
  9479 | D:10     | Identified the ring "Xaoxtan" {rN+ Acc+4 SInv} (You acquired it on level 10 of the Dungeon)
  9652 | Lair:1   | Entered Level 1 of the Lair of Beasts
  9757 | D:8      | Bought a scroll of identify for 28 gold pieces
  9815 | D:8      | Reached skill level 13 in Slings
  9862 | Orc:1    | Entered Level 1 of the Orcish Mines
  9972 | Orc:1    | Noticed Gastronok
 10001 | Orc:1    | Killed Gastronok
 10001 | Orc:1    | Reached skill level 1 in Invocations
 10141 | Orc:1    | Found a burning altar of Makhleb.
 10163 | Orc:1    | Noticed Duvessa
 10165 | Orc:1    | Noticed Dowan
 10173 | Orc:1    | Killed Dowan
 10180 | Orc:1    | Killed Duvessa
 10193 | Orc:1    | Received a gift from Okawaru
 10370 | Orc:2    | Noticed Grum
 10422 | Orc:1    | Killed Grum
 11162 | Orc:3    | Found a staircase to the Elven Halls.
 11562 | Orc:4    | Entered Level 4 of the Orcish Mines
 11685 | Orc:4    | Found Urookid's Antique Weapon Shoppe.
 11693 | Orc:4    | HP: 4/90 [cyclops/ large rock (8)]
 11705 | Orc:4    | Received a gift from Okawaru
 11705 | Orc:4    | Reached skill level 14 in Slings
 11719 | Orc:4    | Noticed a stone giant
 11743 | Orc:4    | Killed a stone giant
 11750 | Orc:4    | Noticed Donald
 11766 | Orc:4    | HP: 4/91 [Donald/demon blade of flaming (3)]
 11782 | Orc:4    | Killed Donald
 11782 | Orc:4    | Received a gift from Okawaru
 11830 | Elf:1    | Entered Level 1 of the Elven Halls
 12037 | Lair:1   | Received a gift from Okawaru
 12086 | Lair:1   | Reached XP level 12. HP: 60/98 MP: 13/13
 12547 | Lair:1   | Found a frozen archway.
 12557 | IceCv    | Entered an ice cave
 12621 | IceCv    | Noticed mopl's ghost (powerful DDBe)
 12838 | Lair:2   | Reached skill level 1 in Shields
 12941 | Lair:2   | Reached skill level 15 in Slings
 13062 | Lair:2   | Reached skill level 10 in Armour
 13380 | D:10     | Learned a level 2 spell: Blink
 13383 | D:10     | Learned a level 2 spell: Repel Missiles
 13386 | D:10     | Learned a level 2 spell: Call Imp
 14021 | Lair:3   | You fall through a shaft!
 14155 | Lair:6   | Found a staircase to the Snake Pit.
 14423 | Lair:6   | Found a staircase to the Slime Pits.
 14455 | Lair:6   | Reached skill level 16 in Slings
 14528 | Slime:1  | Entered Level 1 of the Pits of Slime
 14528 | Slime:1  | Noticed an acid blob
 14646 | Lair:6   | Received a gift from Okawaru
 15172 | Lair:5   | Received a gift from Okawaru
 15191 | Lair:5   | Found a dark tunnel.
 15205 | Volcano  | Entered a volcano
 15782 | Lair:5   | Got a transparent dagger
 15783 | Lair:5   | Identified the dagger of Amortisation {stab, rC+ Dex+3} (You found it on level 5 of the Lair of Beasts)
 15887 | Lair:4   | Reached skill level 17 in Slings
 15992 | Lair:4   | Noticed Rupert
 16033 | Lair:4   | Killed Rupert
 16033 | Lair:4   | Received a gift from Okawaru
 16033 | Lair:4   | Reached XP level 13. HP: 23/105 MP: 6/11
 16361 | D:10     | Upgraded the game from 0.13.0-29-gdb529de to 0.13.0-59-g13bd910
 16410 | D:11     | Found Yraezoeb's Food Boutique.
 16538 | D:11     | Noticed Joseph
 16548 | D:11     | Killed Joseph
 16688 | D:11     | Noticed Erica
 16697 | D:11     | Killed Erica
 16697 | D:11     | Received a gift from Okawaru
 16713 | D:11     | Got a faintly glowing cloak {god gift}
 16716 | D:11     | Identified the +2 cloak of Weightlessness {rPois rC+ Dex+2} (Okawaru gifted it to you on level 11 of the Dungeon)
 17118 | D:12     | Noticed Psyche
 17125 | D:12     | Killed Psyche
 17842 | D:13     | Got a jewelled broad axe
 17871 | D:13     | Identified the cursed broad axe "Streroupn" {chop, rF+ Int+3} (You found it on level 13 of the Dungeon)
 18289 | D:13     | Reached skill level 18 in Slings
 18339 | D:13     | Reached skill level 1 in Charms
 18945 | D:10     | Upgraded the game from 0.13.0-59-g13bd910 to 0.13.0-65-g2bb7898
 19167 | Elf:1    | Noticed a deep elf knight
 19190 | Elf:1    | Killed a deep elf knight
 19214 | Elf:1    | Received a gift from Okawaru
 19347 | Elf:1    | Noticed a deep elf knight
 19355 | Elf:1    | Killed a deep elf knight
 19355 | Elf:1    | Received a gift from Okawaru
 19387 | Elf:1    | Received a gift from Okawaru
 19431 | Elf:1    | Noticed a deep elf knight
 19436 | Elf:1    | Killed a deep elf knight
 19909 | Elf:1    | Gained mutation: You resist negative energy. [level up]
 19909 | Elf:1    | Reached XP level 14. HP: 68/114 MP: 10/10
 20200 | Elf:2    | Reached skill level 19 in Slings
 20428 | Elf:2    | Received a gift from Okawaru
 21227 | Elf:3    | Entered Level 3 of the Elven Halls
 21559 | D:10     | Gained mutation: You can breathe flames. [potion of mutation]
 21559 | D:10     | Gained mutation: You cover ground slowly. [potion of mutation]
 21559 | D:10     | Gained mutation: Your muscles are strong. (Str +2) [potion of mutation]
 21560 | D:10     | Gained mutation: You have sharp toenails. [potion of mutation]
 21560 | D:10     | Gained mutation: You are dopey. (Int -2) [potion of mutation]
 21864 | Orc:4    | Noticed an ettin
 21885 | Orc:4    | Killed an ettin
 21911 | Orc:4    | Found Hoocs' Antique Armour Shoppe.
 21992 | Orc:4    | Bought a jewelled plate armour for 980 gold pieces
 22016 | Orc:4    | Identified the cursed -5 plate armour "Jaewn" {rF+ rC++ SInv} (You bought it in a shop on level 4 of the Orcish Mines)
 22067 | Orc:4    | Noticed a stone giant
 22080 | Orc:4    | Killed a stone giant
 22179 | Orc:4    | Received a gift from Okawaru
 22217 | Orc:4    | Noticed an ettin
 22227 | Orc:4    | Killed an ettin
 22227 | Orc:4    | Reached skill level 5 in Invocations
 22229 | Orc:4    | Reached skill level 20 in Slings
 22233 | Orc:4    | Found Bluhuah's Book Boutique.
 22266 | Orc:4    | Found Xaoha's General Store.
 22266 | Orc:4    | Noticed an ettin
 22280 | Orc:4    | Killed an ettin
 22280 | Orc:4    | Received a gift from Okawaru
 22310 | Orc:4    | Bought a scroll of identify for 32 gold pieces
 22310 | Orc:4    | Bought a scroll of identify for 32 gold pieces
 22310 | Orc:4    | Bought a scroll of identify for 32 gold pieces
 22864 | Elf:3    | Noticed a deep elf master archer
 22866 | Elf:3    | Noticed a deep elf blademaster
 22878 | Elf:3    | Killed a deep elf blademaster
 22885 | Elf:3    | Killed a deep elf master archer
 22885 | Elf:3    | Received a gift from Okawaru
 22886 | Elf:3    | Noticed a deep elf blademaster
 22908 | Elf:3    | Killed a deep elf blademaster
 22908 | Elf:3    | Received a gift from Okawaru
 22920 | Elf:3    | Noticed a deep elf blademaster
 22925 | Elf:3    | Noticed a deep elf sorcerer
 22934 | Elf:3    | Noticed a deep elf sorcerer
 22939 | Elf:3    | Noticed a deep elf sorcerer
 22947 | Elf:3    | Killed a deep elf blademaster
 22947 | Elf:3    | Reached XP level 15. HP: 52/121 MP: 4/9
 22961 | Elf:3    | Killed a deep elf sorcerer
 22977 | Elf:3    | Killed a deep elf sorcerer
 22977 | Elf:3    | Reached skill level 21 in Slings
 22982 | Elf:3    | Noticed Agnes
 22982 | Elf:3    | Upgraded the game from 0.13.0-65-g2bb7898 to 0.13.1
 23295 | Elf:3    | Found Twuecs' Book Boutique.
 23434 | Elf:3    | Killed a deep elf sorcerer
 23434 | Elf:3    | Received a gift from Okawaru
 23714 | Elf:3    | Noticed a deep elf sorcerer
 23730 | Elf:2    | Killed Agnes
 23801 | Elf:3    | Killed a deep elf sorcerer
 23874 | Elf:3    | Noticed a deep elf sorcerer
 23912 | Elf:3    | Killed a deep elf sorcerer
 24058 | Elf:3    | Noticed a Brimstone Fiend
 24064 | Elf:3    | Noticed a Brimstone Fiend
 24074 | Elf:3    | Noticed an Executioner
 24175 | Elf:3    | Noticed a deep elf master archer
 24176 | Elf:3    | Reached skill level 5 in Shields
 24201 | Elf:3    | Killed a deep elf master archer
 24490 | Elf:3    | Noticed a deep elf sorcerer
 24502 | Elf:3    | Killed a deep elf sorcerer
 24811 | D:10     | Upgraded the game from 0.13.1 to 0.13.1-2-gfb2c2b7
 24951 | D:8      | Killed a centaur warrior
 25537 | D:13     | Received a gift from Okawaru
 25548 | D:13     | Noticed Nergalle
 25612 | D:13     | Killed Nergalle
 26245 | D:14     | Entered Level 14 of the Dungeon
 26303 | D:14     | Got a heavy robe
 26313 | D:14     | Identified the cursed -1 robe "Xesmis" {rPois} (You found it on level 14 of the Dungeon)
 26451 | D:14     | Received a gift from Okawaru
 26454 | D:14     | Got a fine sling {god gift}
 26455 | D:14     | Identified the sling "Xuskoati" {god gift, venom, rN+ Stlth+} (Okawaru gifted it to you on level 14 of the Dungeon)
 26568 | D:13     | Reached skill level 22 in Slings
 26892 | D:14     | Upgraded the game from 0.13.1-2-gfb2c2b7 to 0.13.1-17-g0f9d4ff
 27611 | D:15     | Entered Level 15 of the Dungeon
 27858 | D:15     | Reached XP level 16. HP: 77/129 MP: 3/3
 27920 | D:15     | Noticed Roxanne
 28491 | D:15     | Received a gift from Okawaru
 28537 | D:15     | Killed from afar by a wizard

Action                   |  1- 3 |  4- 6 |  7- 9 | 10-12 | 13-15 | 16-18 || total
-------------------------+-------+-------+-------+-------+-------+-------++-------
Melee: Mace              |   127 |    14 |       |       |       |       ||   141
       Short sword       |    22 |       |       |       |       |       ||    22
       War axe           |       |    41 |   238 |   218 |   109 |    23 ||   629
       Dagger            |       |       |     7 |    20 |       |       ||    27
       Demon blade       |       |       |       |    30 |     3 |       ||    33
       Great mace        |       |       |       |       |     2 |       ||     2
 Fire: Sling             |       |    65 |   367 |   957 |  1575 |    83 ||  3047
       Crossbow          |       |    38 |       |       |       |       ||    38
Throw: Spear             |     3 |     2 |     3 |       |       |       ||     8
       Stone             |       |     3 |     1 |       |       |       ||     4
       Dagger            |       |       |       |     3 |       |       ||     3
       Dart              |       |       |       |       |     3 |     1 ||     4
 Cast: Summon Small Mamm |       |       |     1 |     1 |       |       ||     2
       Repel Missiles    |       |       |       |       |     2 |       ||     2
Invok: Heroism           |       |       |     1 |     6 |    25 |       ||    32
       Finesse           |       |       |       |     2 |    10 |       ||    12
 Abil: Device Recharging |       |       |     3 |     9 |    12 |     1 ||    25
       Breathe Fire      |       |       |       |       |    10 |     6 ||    16
Evoke: Wand              |     2 |     9 |    12 |    47 |    57 |     1 ||   128
  Use: Scroll            |     4 |     5 |    15 |    16 |    19 |     1 ||    60
       Potion            |     3 |       |     8 |    12 |    16 |       ||    39
 Stab: Sleeping          |     1 |       |       |       |       |     1 ||     2
       Invisible         |       |       |       |       |     4 |       ||     4
